 Dungeon Crawl Stone Soup version 0.30-a0-757-ga6a79fd877 (webtiles) character file.

Game seed: 290445744676920196

375 hikkokomori the Slasher (level 6, -4/72 HPs)
             Began as a Demonspawn Gladiator on Feb 10, 2023.
             Slain by an orc
             ... wielding a +0 trident
              (7 damage)
             ... on level 4 of the Dungeon.
             The game lasted 00:05:39 (2693 turns).

hikkokomori the Slasher (Demonspawn Gladiator)      Turns: 2693, Time: 00:05:39

Health: -4/72      AC:  5    Str: 15    XL:     6   Next: 44%
Magic:  0/6        EV: 12    Int: 17    God:
Gold:   223        SH:  0    Dex: 13    Spells: 5/5 levels left

rFire   + . .      SeeInvis .    a - +0 long sword
rCold   + . .      Faith    .    n - orb {light}
rNeg    + . .      Spirit   +    t - +0 leather armour of the Fife {rF+ rC+ Int+8 Dex-3}
rPois   .          Reflect  .    c - +0 helmet
rElec   .          Harm     .    (no cloak)
rCorr   .          Rampage  .    (no gloves)
Will    .....                    (no boots) Stlth
                                 k - amulet of guardian spirit
HPRegen 0.32/turn                p - ring of positive energy
MPRegen 0.10/turn                (no ring)

@: berserking (expiring), attractive, flying, glowing, very quick
A: powered by death 1, sharp scales 1, weakness stinger 1
a: no special abilities


You were on level 4 of the Dungeon.
You visited 1 branch of the dungeon, and saw 4 of its levels.

You collected 223 gold pieces.

Inventory:

Hand Weapons
 a - a +0 long sword (weapon)
 w - a +1 short sword of flaming
 B - the +0 hand axe of Bright Defence {freeze, rC+ Str-4 Dex+3 Stlth+}
   (You found it on level 3 of the Dungeon)

   Str:       It affects your strength (-4).
   Dex:       It affects your dexterity (+3).
   rC:        It protects you from cold.
   Stlth:     It makes you more stealthy.
Missiles
 d - 2 throwing nets (quivered)
 e - a javelin
Armour
 c - a +0 helmet (worn)
 n - an orb of light (worn)
 s - the +1 leather armour of Gravitas {Str+3}
   (You found it on level 2 of the Dungeon)

   Str:       It affects your strength (+3).
 t - the +0 leather armour of the Fife (worn) {rF+ rC+ Int+8 Dex-3}
   (You found it on level 2 of the Dungeon)

   Int:       It affects your intelligence (+8).
   Dex:       It affects your dexterity (-3).
   rF:        It protects you from fire.
   rC:        It protects you from cold.
 x - an orb of wrath
Jewellery
 b - a ring of wizardry
 k - an amulet of guardian spirit (around neck)
 p - a ring of positive energy (left hand)
 u - a ring of resist corrosion
 y - an amulet of the acrobat
Scrolls
 g - a scroll of brand weapon {unknown}
 h - a scroll of identify {unknown}
 i - a scroll of acquirement {unknown}
 j - 2 scrolls of amnesia {unknown}
 l - 4 scrolls of fear {unknown}
 q - a scroll of magic mapping {unknown}
 z - 3 scrolls of teleportation {unknown}
 C - a scroll of blinking {unknown}
Potions
 f - 2 potions of flight
 m - a potion of brilliance {unknown}
 o - a potion of attraction
 r - a potion of cancellation {unknown}
 D - a potion of mutation {unknown}


   Skills:
 + Level 4.1 Fighting
 + Level 4.3 Long Blades
 - Level 2.1 Throwing
 - Level 3.0 Dodging
 + Level 3.1 Stealth


You had 5 spell levels left.
You didn't know any spells.
Your spell library contained the following spells:

 Spells                   Type           Power      Damage    Failure   Level
 Frozen Ramparts          Ice            0%         1d1       65%         3
 Ice Form                 Ice/Tmut       0%         N/A       96%         4
 Summon Ice Beast         Ice/Summ       0%         N/A       96%         4


Dungeon Overview and Level Annotations

Branches:
Dungeon (4/15)
 Temple: D:4-7

Altars:
Xom

Shops:
D:2 *


Innate Abilities, Weirdness & Mutations

You regenerate a little health from kills.
You are partially covered in razor-sharp scales. (AC +1, Slay +1)
You have a small tail.


Message History

The orc barely misses you.
The orc wizard hits you with a +0 dagger.
* * * LOW HITPOINT WARNING * * *
You hit the orc wizard.
The orc wizard is severely wounded.
The orc hits you but does no damage.
The orc wizard gestures at you while chanting.
You resist with some effort.
The orc wizard attacks as you move away!
The orc wizard hits you with a +0 dagger.
* * * LOW HITPOINT WARNING * * *
The orc wizard points at you and mumbles some strange words.
You are confused.
The orc wizard is attracted toward you. The orc is attracted toward you.
It was a potion of berserk rage.
A red film seems to cover your vision as you go berserk!
You feel yourself moving faster!
You feel mighty! The orc is attracted toward you.
You slash the orc wizard!
You kill the orc wizard!
The orc closely misses you. The orc is attracted toward you. x2
You bump into the rock wall.
You closely miss the orc. The orc hits you with a +0 trident.
* * * LOW HITPOINT WARNING * * *
The orc misses you.
Found a stone staircase leading down.
The orc throws a boomerang.
The boomerang closely misses you. The orc is attracted toward you. x2
You closely miss the orc. The orc hits you with a +0 trident.
* * * LOW HITPOINT WARNING * * *
The orc barely misses you.
You slash the orc!
You kill the orc!
The orc is attracted toward you.
The orc hits you from afar with a +0 trident.
The orc is attracted toward you.
You slash the orc!
You kill the orc!
You feel less confused. The orc hits you with a +0 trident!
You die...

#..#o........#.......#..
. #.#...........#...###
...#.......#.......# #
>...# #.....###......##
.... ##)#####...#....
....####.##.....##.....
.......#ยงยง.....#
##..... #.......o......#
...... #...##.)@......#
..#. .............###
.##...#.....#
#..##........ ....
......... ....#
......... .... ...#.....
... ..........


You could see an orc.

Vanquished Creatures
  Sigmund (D:2)
  A howler monkey (D:4)
  2 orc wizards (D:4)
  Natasha (twice) (D:2)
  2 adders
  A worm (D:4)
  A dart slug (D:2)
  6 orcs (D:4)
  2 endoplasms (D:1)
  A giant cockroach (D:1)
  4 goblins
  4 hobgoblins
  A quokka (D:4)
  7 ball pythons
  7 bats
  A frilled lizard (D:3)
  6 kobolds
  8 rats
57 creatures vanquished.

Vanquished Creatures (others)
  10 plants (D:1)
10 creatures vanquished.

Grand Total: 67 creatures vanquished

Notes
Turn   | Place    | Note
-------+----------+-------------------------------------------
     0 | D:1      | hikkokomori the Demonspawn Gladiator began the quest for
                  | the Orb.
     0 | D:1      | Reached XP level 1. HP: 16/16 MP: 1/1
   133 | D:1      | Gained mutation: You regenerate a little health from kills.
                  | [demonic ancestry]
   133 | D:1      | Reached XP level 2. HP: 22/22 MP: 2/2
   423 | D:1      | Found a faded altar of an unknown god.
   440 | D:1      | Found a faded altar of an unknown god.
  1066 | D:2      | Identified the +1 leather armour of Gravitas {Str+3}
  1101 | D:2      | Reached XP level 3. HP: 24/28 MP: 3/3
  1117 | D:2      | Identified the +0 leather armour of the Fife {rF+ rC+ Int+8
                  | Dex-3}
  1380 | D:2      | Found a shimmering altar of Xom.
  1384 | D:2      | Found Rynoenot's Assorted Antiques.
  1447 | D:2      | Noticed Sigmund
  1457 | D:2      | Killed Sigmund
  1458 | D:2      | Gained mutation: You have a small tail. [demonic ancestry]
  1458 | D:2      | Reached XP level 4. HP: 12/35 MP: 1/4
  1458 | D:2      | Reached XP level 5. HP: 14/41 MP: 1/5
  1562 | D:2      | Noticed Natasha
  1567 | D:2      | Killed Natasha
  1831 | D:2      | Noticed Natasha
  1837 | D:2      | Killed Natasha
  2062 | D:3      | Identified the +0 hand axe of Bright Defence {freeze, rC+
                  | Str-4 Dex+3 Stlth+}
  2598 | D:4      | Gained mutation: You are partially covered in razor-sharp
                  | scales. (AC +1, Slay +1) [demonic ancestry]
  2598 | D:4      | Reached XP level 6. HP: 36/48 MP: 6/6
  2684 | D:4      | HP: 2/48 [orc wizard/+0 dagger (1)]
  2690 | D:4      | HP: 2/72 [orc/+0 trident (1)]
  2693 | D:4      | Slain by an orc

Illustrated notes

Levels and vault maps discovered:
D:1:      dpeg_arrival_water_temple_mockup, layout_basic,
          hellmonk_ecumenical_altar_the_god_not_taken, chequers_big_river,
          kennysheep_nondescript, minmay_circled_x
D:2:      layout_basic, serial_shops, shop_coins, basic_altar, uniq_natasha,
          uniq_sigmund
D:3:      layout_loops_cross, nrook_mini_backslash,
          hangedman_decor_diamond_cutter, minmay_crystal_water
D:4:      layout_cave_pools

Skill      XL: |  1  2  3  4  5  6 |
---------------+-------------------+-----
Throwing       | 2 |  2.1
Dodging        | 3 |  3.0
Long Blades    | 3 4 |  4.3
Fighting       | 3 4 |  4.1
Stealth        | 2 3 |  3.1

Action                     |  1- 3 |  4- 6 || total
---------------------------+-------+-------++-------
  Melee: Long sword        |    84 |    77 ||   161
         Punch             |     1 |       ||     1
         Tailslap          |       |    12 ||    12
  Throw: Throwing net      |     2 |       ||     2
    Use: Potion            |       |     4 ||     4
   Stab: Held in net/web   |     1 |       ||     1
 Armour: Leather armour    |    42 |    27 ||    69
  Dodge: Dodged            |    74 |    71 ||   145

Table legend: (Time is in decaauts)
 A = Elapsed time spent in this place.
 B = Non-inter-level travel time spent in this place.
 C = Inter-level travel time spent in this place.
 D = Time resting spent in this place.
 E = Time spent auto-exploring this place.
 F = Levels seen in this place.
 G = Mean time per level.
                   A        B        C        D        E       F      G
               +--------+--------+--------+--------+--------+-----+--------+
         Total |   2738 |   2661 |     77 |      0 |   2157 |   4 |  684.5 |
       Dungeon |   2738 |   2661 |     77 |      0 |   2157 |   4 |  684.5 |
               +--------+--------+--------+--------+--------+-----+--------+

Top non-repeatable levels by time:
     D:1: 980 daAuts
     D:2: 927 daAuts
     D:3: 648 daAuts
     D:4: 182 daAuts
